 Dungeon Crawl Stone Soup version 0.29.1-2-gbd0b4ee654 (webtiles) character file.

Game seed: 6972418142620883333

124329 KittyFluff the Stickfighter (level 16, -16/160 HPs)
             Began as a Gargoyle Berserker on Oct 28, 2022.
             Was a High Priest of Trog.
             Demolished by a tyrant leech (17 damage)
             ... on level 1 of the Swamp on Oct 31, 2022.
             The game lasted 03:16:46 (25436 turns).

KittyFluff the Stickfighter (Gargoyle Berserker)   Turns: 25436, Time: 03:16:47

Health: -16/160    AC: 25    Str: 27    XL:     16   Next: 92%
Magic:  5/5        EV: 19    Int: 13    God:    Trog [*****.]
Gold:   2091       SH:  5    Dex: 25    Spells: 15/15 levels left

rFire   + + .      SeeInvis .   q - +8 lajatang (antimagic)
rCold   + . .      Faith    .   (shield currently unavailable)
rNeg    + . .      Spirit   .   I - +0 troll leather armour {Pargi}
rPois   ∞          Reflect  +   y - +0 helmet
rElec   +          Harm     .   j - +1 cloak {rF+}
rCorr   +          Rampage  .   H - +0 pair of gloves
Will    +....                   i - +0 pair of boots
Stlth   ..........              B - amulet of the Brewing Genius {Reflect SH+5 Stlth+}
HPRegen 1.16/turn               z - ring of the Endless Expanse {rCorr Int+5 Dex+6}
MPRegen 0.09/turn               T - ring of Miuhokeu {*Slow rF+ rC+ Str+2 Dex+6}

@: berserking (expiring), flying, very quick
A: sickness immunity, AC +12, big wings, negative energy resistance 1,
electricity resistance, torment resistance 1, petrification resistance
a: Renounce Religion, Berserk, Trog's Hand, Brothers in Arms


You were on level 1 of the Swamp.
You worshipped Trog.
Trog was extremely pleased with you.
You visited 4 branches of the dungeon, and saw 23 of its levels.
You also visited: Sewer, Ossuary, Bailey, Ice Cave and Volcano.

You collected 2449 gold pieces.
You spent 358 gold pieces at shops.

Inventory:

Hand Weapons
 q - a +8 antimagic lajatang (weapon)
 G - a +7 lajatang of flaming
Missiles
 g - 2 curare-tipped darts
 C - 3 boomerangs of dispersal
 E - 24 poisoned darts (quivered)
 O - 10 boomerangs
 V - 17 javelins
Armour
 d - +0 acid dragon scales
 i - a +0 pair of boots (worn)
 j - a +1 cloak of fire resistance (worn)
 y - a +0 helmet (worn)
 A - a +2 chain mail of fire resistance
 D - a +2 cloak
 H - a +0 pair of gloves (worn)
 I - a +0 troll leather armour (worn) {Pargi}
 Q - the +0 helmet "Yrautu" {rC+++ rN+ Will- Int+8}
   (You found it in a volcano)

   Int:       It affects your intelligence (+8).
   rC:        It renders you almost immune to cold.
   rN:        It protects you from negative energy.
   Will:      It decreases your willpower.
 S - a +1 plate armour of willpower
 X - a +3 plate armour of fire resistance
Jewellery
 b - a +4 ring of evasion
 t - a ring of willpower
 x - a ring of fire
 z - the ring of the Endless Expanse (left hand) {rCorr Int+5 Dex+6}
   (You acquired it on level 12 of the Dungeon)

   [ring of dexterity]

   Int:       It affects your intelligence (+5).
   Dex:       It affects your dexterity (+6).
   rCorr:     It protects you from acid and corrosion.
 B - the amulet of the Brewing Genius (around neck) {Reflect SH+5 Stlth+}
   (You acquired it on level 12 of the Dungeon)

   [amulet of reflection]

   It reflects blocked missile attacks.
   SH:        It affects your SH (+5).
   Stlth:     It makes you more stealthy.
 M - the macabre finger necklace {rN+}
   (You found it on level 6 of the Dungeon)

   [amulet of nothing]

   It enables you to equip an extra ring.
   rN:        It protects you from negative energy.
 N - a +6 ring of strength
 T - the ring of Miuhokeu (right hand) {*Slow rF+ rC+ Str+2 Dex+6}
   (You found it on level 9 of the Dungeon)

   [ring of protection from cold]

   Str:       It affects your strength (+2).
   Dex:       It affects your dexterity (+6).
   rF:        It protects you from fire.
   rC:        It protects you from cold.
   *Slow:     It may slow you when you take damage.
 U - a +4 ring of protection
 W - a ring of protection from cold
Wands
 a - a wand of mindburst (10)
 c - a wand of light (21)
 k - a wand of polymorph (8)
 s - a wand of iceblast (42)
 v - a wand of flame (27)
Scrolls
 f - 7 scrolls of immolation
 h - 6 scrolls of fear
 m - a scroll of poison
 o - 4 scrolls of blinking
 r - 4 scrolls of fog
 u - 8 scrolls of teleportation
 K - 3 scrolls of enchant armour
Potions
 e - 7 potions of might
 l - 8 potions of curing
 n - 5 potions of invisibility
 p - 6 potions of haste
 F - 2 potions of ambrosia
 J - 9 potions of mutation
 L - a potion of magic
 P - 10 potions of heal wounds
 R - 3 potions of cancellation
 Z - 2 potions of resistance
Miscellaneous
 w - a phial of floods
 Y - a piece from Xom's chessboard (15/15)


   Skills:
 + Level 14.3 Fighting
 + Level 3.4(13.6) Maces & Flails
 * Level 20.0(20.1) Staves
 * Level 7.3 Throwing
 * Level 12.8 Armour
 + Level 8.4 Dodging
 + Level 7.7 Stealth
 + Level 2.6 Shields


You had 15 spell levels left.
You didn't know any spells.
Your spell library contained the following spells:

 Spells                   Type           Power      Damage    Failure   Level
 Sandblast                Erth           0%         2d4       32%         1
 Blink                    Tloc           0%         N/A       45%         2
 Passwall                 Tmut/Erth      0%         N/A       45%         2
 Lesser Beckoning         Tloc           0%         N/A       69%         3
 Stone Arrow              Conj/Erth      0%         3d7       69%         3
 Manifold Assault         Tloc           0%         N/A       100%        5


Dungeon Overview and Level Annotations

Branches:
Dungeon (15/15)            Temple (0/1) D:7            Lair (5/5) D:10
  Swamp (1/4) Lair:3       Spider (0/4) Lair:2        Slime (0/5) Lair:5
    Orc (2/2) D:9             Elf (0/3) Orc:2        Vaults (0/5) D:13
 Depths (0/4) D:15          Sewer (visited)         Ossuary (visited)
 Bailey (visited)           IceCv (visited)         Volcano (visited)

Altars:
Elyvilon
Kikubaaqudgha
Okawaru
Qazlal
Sif Muna
Trog
Vehumet
Zin
The Shining One

Shops:
D:8 *   Orc:1 (   Orc:2 *?::!

Portals:
Abyss: Lair:3


Innate Abilities, Weirdness & Mutations

You are immune to sickness and miasma.
Your stone body is resilient. (AC +12)
You are immune to poison.
Your large and strong wings let you fly.
You resist negative energy. (rN+)
You are resistant to electric shocks. (rElec)
You are resistant to unholy torment.
You are immune to petrification.


Message History

The goliath frog is engulfed in spectral mist.
The goliath frog dies!
The ghost crab breathes spectral mist at you.
The spectral mist engulfs you but does no damage.
The spectral fenstrider witch hits you but does no damage.
The spectral fenstrider witch kicks you.
* * * LOW HITPOINT WARNING * * *
You barely miss the spectral fenstrider witch.
The spectral fenstrider witch is heavily damaged.
You are engulfed in spectral mist.
The tyrant leech is engulfed in spectral mist.
The tyrant leech barely misses you. The spectral fenstrider witch hits you!
* * * LOW HITPOINT WARNING * * *
The spectral fenstrider witch kicks you but does no damage.
You cut the spectral fenstrider witch into ribbons!!!
The spectral fenstrider witch is almost destroyed.
You are engulfed in spectral mist.
* * * LOW HITPOINT WARNING * * *
The spectral fenstrider witch hits you!
* * * LOW HITPOINT WARNING * * *
The spectral fenstrider witch misses you.
The eleionoma flows through the trees.
You barely miss the spectral fenstrider witch.
The spectral fenstrider witch is severely damaged.
You are engulfed in spectral mist.
The ghost crab breathes spectral mist at you.
The spectral mist engulfs the eleionoma but does no damage.
The tyrant leech bites you.
* * * LOW HITPOINT WARNING * * *
You slice the spectral fenstrider witch!!
You destroy the spectral fenstrider witch!
The spectral fenstrider witch fades away!
You are engulfed in spectral mist.
You feel yourself speed up.
The eleionoma is engulfed in spectral mist.
The eleionoma hits you!
* * * LOW HITPOINT WARNING * * *
An alligator simulacrum comes into view.
The tyrant leech bites you!
You die...

♣♣~.~~~.♣
~Z..~..♣
..~~~.♣♣♣♣♣
♣♣♣..~~~...~♣
♣....~~~...♣
♣~..?~~~○~♣
♣~~~.~~~~~♣
♣~@wZ°~♣
♣♣♣Z°§.♣
♣R§Z..§~~
○t☼.~~~~~
.~§§☼~§~.~
.!...~~...$
....~~......
.!..Z~~...~~§
..#..~~.....~~


You could see an eleionoma, a tyrant leech (poisoned), a ghost crab, a spectral
five-headed hydra (summoned), 2 spectral spriggan air magi and an alligator
simulacrum.

Vanquished Creatures
  Roxanne (D:15)
  2 orc warlords
  3 dire elephants (Lair:5)
  The ghost of Neyc the Fighter, a journeyman OpFi of Jiyva (Lair:3)
  Snorg (Lair:3)
  A fire dragon (D:15)
  Josephine (Orc:1)
  An ice dragon (D:15)
  Fannar (Lair:3)
  6 boulder beetles
  3 ogre magi (D:15)
  4 vault guards (D:13)
  4 centaur warriors
  2 ironbound frosthearts (IceCv)
  9 hydras
  21 two-headed ogres
  Erica (D:9)
  5 tengu warriors
  A hell hog (Volcano)
  An orc high priest (Orc:2)
  11 death yaks
  A large abomination (Lair:3)
  Urug (Lair:4)
  A thrashing horror (Lair:3)
  Sonja (Lair:4)
  A spriggan (Lair:3)
  A spectral anaconda (Lair:5)
  2 fire crabs
  A glowing orange brain (shapeshifter) (Lair:3)
  An obsidian statue (Lair:5)
  A swamp dragon (Swamp:1)
  The ghost of MaxHasHax6295 the Cleaver, a novice MiBe of Trog (D:9)
  A lindwurm (Lair:3)
  3 deep elf pyromancers
  7 orc knights
  4 necromancers (Lair:5)
  A manticore (D:9)
  4 orc sorcerers
  7 ugly things
  A mana viper (shapeshifter) (D:15)
  6 cyclopes
  5 black mambas
  A rust devil (Lair:3)
  10 elephants
  A cane toad (shapeshifter) (D:13)
  An ice statue (IceCv)
  3 torpor snails
  13 cane toads
  3 efreet (D:14)
  2 gargoyles
  A kobold demonologist (D:9)
  2 rime drakes
  9 komodo dragons
  A dire elephant skeleton (Lair:5)
  3 unseen horrors
  3 tengu conjurers
  A yaktaur (shapeshifter) (D:9)
  An ancient zyme (Lair:3)
  12 polar bears
  7 trolls
  6 saltlings (Orc:2)
  A hornet (Lair:3)
  26 blink frogs
  3 slime creatures (D:14)
  A spectral elephant (Lair:5)
  3 centaur simulacra (D:11)
  Sigmund (D:2)
  Eustachio (D:5)
  3 shadows
  7 wraiths
  51 yaks
  4 fire bats (Volcano)
  6 basilisks
  3 wyverns
  7 steam dragons
  7 vampire mosquitoes
  2 spectral cane toads (Lair:5)
  6 wargs
  A death yak simulacrum (Lair:1)
  2 acid dragons
  10 water moccasins
  26 orc warriors
  A black bear (D:6)
  Pargi (Sewer)
  2 sky beasts
  4 ice beasts
  2 swamp drakes
  9 centaurs
  25 wolves
  18 ogres
  A phantom (D:6)
  7 kobold brigands
  3 gnoll sergeants
  An elf zombie (Ossuary)
  6 bullfrogs
  A necrophage (D:5)
  2 scorpions (D:5)
  5 wights (D:8)
  An elephant simulacrum (Lair:5)
  6 killer bees
  6 electric eels
  A howler monkey (D:6)
  A lava snake (Lair:2)
  4 hounds
  2 human zombies (Ossuary)
  2 jellies
  13 orc priests
  Crazy Yiuf (D:7)
  A gnoll bouda (D:5)
  Jessica (D:2)
  5 iguanas
  19 orc wizards
  2 mummies (Ossuary)
  Robin (D:3)
  5 adders
  22 gnolls
  2 shadow imps
  4 white imps (D:11)
  7 ufetubi
  3 adder zombies (Ossuary)
  3 worms
  A dart slug (D:4)
  75 orcs
  9 ball pythons
  5 endoplasms
  7 giant cockroaches
  18 goblins
  8 hobgoblins
  9 jackals
  23 kobolds
  5 quokkas
  10 bats
  3 frilled lizards (D:2)
  4 goblin zombies
  4 hobgoblin zombies (Ossuary)
  2 jackal zombies (Ossuary)
  10 kobold zombies (Ossuary)
  11 orc zombies (Ossuary)
  A quokka zombie (D:8)
  6 rats
  A fire vortex (Lair:2)
  A pillar of salt (Orc:2)
795 creatures vanquished.

Vanquished Creatures (others)
  A bunyip (Swamp:1)
  A goliath frog (Swamp:1)
  A yak (IceCv)
  A steam dragon (Volcano)
  A swamp worm (Swamp:1)
  An orc warrior (Orc:2)
  A wolf (IceCv)
  An orc zombie (D:9)
  3 orcs (Orc:2)
  14 fungi
  4 pillars of salt (Orc:2)
  49 plants
  14 withered plants (Lair:5)
92 creatures vanquished.

Grand Total: 887 creatures vanquished

Notes
Turn   | Place    | Note
-------+----------+-------------------------------------------
     0 | D:1      | KittyFluff the Gargoyle Berserker began the quest for the
                  | Orb.
     0 | D:1      | Reached XP level 1. HP: 14/14 MP: 1/1
   218 | D:1      | Reached XP level 2. HP: 19/19 MP: 2/2
   568 | D:1      | Reached skill level 1 in Staves
   873 | D:2      | Noticed Jessica
   879 | D:2      | Killed Jessica
   880 | D:2      | Reached XP level 3. HP: 16/24 MP: 3/3
   887 | D:2      | Reached skill level 2 in Staves
   938 | D:2      | Reached ** piety under Trog
  1044 | D:2      | Noticed Sigmund
  1049 | D:2      | Killed Sigmund
  1050 | D:2      | Reached skill level 3 in Staves
  1050 | D:2      | Reached XP level 4. HP: 29/29 MP: 4/4
  1050 | D:2      | Reached XP level 5. HP: 33/33 MP: 5/5
  1283 | D:2      | Reached skill level 4 in Staves
  1404 | D:2      | Reached XP level 6. HP: 29/38 MP: 6/6
  1910 | D:3      | Noticed Robin
  1919 | D:3      | Reached *** piety under Trog
  1926 | D:3      | Killed Robin
  2564 | D:4      | Reached skill level 5 in Staves
  2574 | D:4      | Found a bloodstained altar of Trog.
  2587 | D:4      | Reached XP level 7. HP: 44/44 MP: 7/7
  2873 | D:4      | Reached skill level 1 in Stealth
  2969 | D:5      | Entered Level 5 of the Dungeon
  3287 | D:5      | Reached skill level 6 in Staves
  3338 | D:5      | Noticed Eustachio
  3347 | D:5      | Killed Eustachio
  3348 | D:5      | Reached XP level 8. HP: 48/48 MP: 8/8
  3725 | D:5      | Reached skill level 7 in Staves
  3881 | D:5      | Found a glowing silver altar of Zin.
  4013 | D:6      | Reached skill level 8 in Staves
  4031 | D:6      | Found a glowing drain.
  4038 | D:6      | Reached **** piety under Trog
  4049 | Sewer    | Entered a sewer
  4111 | Sewer    | Noticed Pargi
  4119 | Sewer    | Killed Pargi
  4120 | Sewer    | Reached skill level 5 in Fighting
  4205 | D:6      | Found the macabre finger necklace {rN+}
  4330 | D:6      | Reached skill level 5 in Armour
  4330 | D:6      | Reached XP level 9. HP: 43/54 MP: 9/9
  4434 | D:6      | Reached skill level 9 in Staves
  4705 | D:7      | Found a staircase to the Ecumenical Temple.
  4892 | D:7      | Found a runed translucent door.
  4893 | D:7      | Noticed Crazy Yiuf
  4901 | D:7      | Killed Crazy Yiuf
  5036 | D:7      | Reached skill level 10 in Staves
  5219 | D:7      | Found an iron altar of Okawaru.
  5538 | D:7      | Noticed a cyclops
  5552 | D:7      | Killed a cyclops
  5737 | D:8      | Noticed a two-headed ogre
  5744 | D:8      | Killed a two-headed ogre
  5745 | D:8      | Reached skill level 11 in Staves
  5745 | D:8      | Reached XP level 10. HP: 61/61 MP: 10/10
  5936 | D:8      | Found Lasuthuaq's Overcharged Wands.
  6160 | D:8      | Found a sand-covered staircase.
  6168 | Ossuary  | Entered an ossuary
  6249 | Ossuary  | Reached ***** piety under Trog
  6873 | D:9      | Found a radiant altar of Vehumet.
  6887 | D:9      | Found a shimmering blue altar of Sif Muna.
  6942 | D:9      | Found a runed translucent gate.
  6943 | D:9      | Found a runed translucent gate.
  6943 | D:9      | Found a runed translucent gate.
  6945 | D:9      | Noticed MaxHasHax6295's ghost (novice MiBe)
  7093 | D:9      | Found a flagged portal.
  7107 | Bailey   | Entered a bailey
  7411 | D:9      | Found a staircase to the Orcish Mines.
  7455 | D:9      | Reached skill level 12 in Staves
  7653 | D:9      | Killed MaxHasHax6295's ghost
  7703 | D:9      | Noticed Erica
  7727 | D:9      | Killed Erica
  7861 | D:9      | Noticed a kobold demonologist
  7875 | D:9      | Killed a kobold demonologist
  7883 | D:9      | Reached XP level 11. HP: 61/67 MP: 11/11
  7915 | D:9      | Identified the +10 quarterstaff of the People {flame,
                  | Will+} (Trog gifted it to you on level 9 of the Dungeon)
  7915 | D:9      | Received a gift from Trog
  8007 | D:9      | Found a white marble altar of Elyvilon.
  8259 | D:9      | Noticed a centaur warrior
  8274 | D:9      | Noticed a boulder beetle
  8281 | D:9      | Killed a centaur warrior
  8282 | D:9      | Reached skill level 13 in Staves
  8282 | D:9      | Noticed a boulder beetle
  8293 | D:9      | Identified the ring "Cotwot" {Wiz Str+5}
  8293 | D:9      | Noticed a deep elf pyromancer
  8296 | D:9      | Killed a deep elf pyromancer
  8301 | D:9      | Identified the amulet "Wajo" {Reflect rElec SH+5}
  8316 | D:9      | Noticed a manticore
  8321 | D:9      | Killed a manticore
  8323 | D:9      | Killed a boulder beetle
  8326 | D:9      | Killed a boulder beetle
  8348 | D:9      | Identified the ring of the Lich-sworn {rPois rN+ Dex+3}
  8354 | D:9      | Identified the ring of Miuhokeu {*Slow rF+ rC+ Str+2 Dex+6}
  8431 | D:10     | Entered Level 10 of the Dungeon
  8574 | D:10     | Noticed a two-headed ogre
  8582 | D:10     | Killed a two-headed ogre
  8907 | D:10     | Reached skill level 14 in Staves
  8916 | D:10     | Found a staircase to the Lair.
  9705 | Lair:1   | Entered Level 1 of the Lair of Beasts
  9715 | Lair:1   | Found a frozen archway.
  9723 | Lair:1   | Reached XP level 12. HP: 75/75 MP: 12/12
  9777 | IceCv    | Entered an ice cave
 10023 | IceCv    | Noticed a death yak
 10033 | IceCv    | Killed a death yak
 10116 | IceCv    | Reached skill level 5 in Stealth
 10134 | IceCv    | Reached skill level 15 in Staves
 10436 | IceCv    | Noticed a death yak
 10438 | IceCv    | Noticed a death yak
 10442 | IceCv    | Noticed a death yak
 10457 | IceCv    | Killed a death yak
 10461 | IceCv    | Killed a death yak
 10462 | IceCv    | Reached skill level 5 in Dodging
 10468 | IceCv    | Killed a death yak
 10736 | IceCv    | Noticed a death yak
 10736 | IceCv    | Noticed a death yak
 10736 | IceCv    | Noticed an ironbound frostheart
 10736 | IceCv    | Noticed an ironbound frostheart
 10736 | IceCv    | Noticed a death yak
 10747 | IceCv    | Killed a death yak
 10759 | IceCv    | Killed a death yak
 10759 | IceCv    | HP: 5/115 [ironbound frostheart/creeping frost (22)]
 10764 | IceCv    | Killed a death yak
 10773 | IceCv    | Killed an ironbound frostheart
 10773 | IceCv    | Received a gift from Trog
 10774 | IceCv    | Reached XP level 13. HP: 7/82 MP: 13/13
 10784 | IceCv    | Reached skill level 10 in Fighting
 11405 | Lair:1   | Reached skill level 16 in Staves
 11683 | Lair:1   | Reached skill level 10 in Armour
 12246 | Lair:2   | Identified the +1 ring mail "Wun Tac" {-Cast rElec Stlth+}
 12302 | Lair:2   | Reached skill level 1 in Throwing
 12345 | Lair:2   | Found a hole to the Spider Nest.
 12357 | Lair:2   | HP: 3/82 [disintegration (48)]
 13565 | Lair:3   | Found a transporter.
 13982 | Lair:3   | Noticed Neyc's ghost (journeyman OpFi)
 13983 | Lair:3   | Found a one-way gate to the infinite horrors of the Abyss.
 13996 | Lair:3   | Noticed Snorg
 13998 | Lair:3   | Noticed Fannar
 14013 | Lair:3   | Killed Snorg
 14028 | Lair:3   | Killed Fannar
 14061 | Lair:3   | Noticed an ettin
 14085 | Lair:3   | Noticed a quicksilver ooze
 14197 | Lair:3   | Received a gift from Trog
 14202 | Lair:3   | Reached skill level 17 in Staves
 14252 | Lair:3   | Found a staircase to the Swamp.
 14329 | Lair:3   | Found a transporter.
 14409 | Lair:3   | Gained mutation: Your large and strong wings let you fly.
                  | [Gargoyle growth]
 14409 | Lair:3   | Reached XP level 14. HP: 72/90 MP: 14/14
 14451 | Lair:3   | Killed Neyc's ghost
 15166 | Lair:4   | Noticed Urug
 15181 | Lair:4   | Killed Urug
 15462 | Lair:4   | Noticed Sonja
 15477 | Lair:4   | Killed Sonja
 15812 | Lair:5   | Entered Level 5 of the Lair of Beasts
 15847 | Lair:5   | Found a staircase to the Slime Pits.
 16608 | Lair:5   | Noticed a dire elephant
 16611 | Lair:5   | Noticed a dire elephant
 16613 | Lair:5   | Noticed a dire elephant
 16628 | Lair:5   | Killed a dire elephant
 16632 | Lair:5   | Reached skill level 18 in Staves
 16765 | Lair:5   | Received a gift from Trog
 16802 | Lair:5   | Reached XP level 15. HP: 97/97 MP: 15/15
 17143 | Lair:5   | Reached skill level 5 in Throwing
 19076 | D:12     | Identified 2 scrolls of acquirement
 19276 | D:12     | Received a gift from Trog
 19610 | D:12     | Acquired the ring of the Endless Expanse {rCorr Int+5
                  | Dex+6}
 19620 | D:12     | Acquired the amulet of the Brewing Genius {Reflect SH+5
                  | Stlth+}
 20281 | D:13     | Found a gate to the Vaults.
 20662 | D:14     | Found a stormy altar of Qazlal.
 21067 | D:14     | Reached skill level 1 in Shields
 21341 | D:15     | Entered Level 15 of the Dungeon
 21423 | D:15     | Reached skill level 19 in Staves
 21479 | D:15     | Reached XP level 16. HP: 72/104 MP: 16/16
 21581 | D:15     | Reached ****** piety under Trog
 21668 | D:15     | Received a gift from Trog
 21788 | D:15     | Identified Roxanne's Tractate on Metamorphosis
 21788 | D:15     | Noticed Roxanne
 21907 | D:15     | Killed Roxanne
 22085 | D:15     | Found a staircase to the Depths.
 22163 | D:15     | Paralysed by an ogre mage for 5 turns
 22234 | D:15     | Found an ancient bone altar of Kikubaaqudgha.
 22322 | D:15     | Found a glowing golden altar of the Shining One.
 22657 | Orc:1    | Entered Level 1 of the Orcish Mines
 22663 | Orc:1    | Noticed Josephine
 22685 | Orc:1    | Killed Josephine
 22750 | Orc:1    | Found Rytzum's Antique Weapon Emporium.
 22994 | Orc:1    | Received a gift from Trog
 23401 | Orc:2    | Entered Level 2 of the Orcish Mines
 23401 | Orc:2    | Found a staircase to the Elven Halls.
 23483 | Orc:2    | Found Tolleuza's Book Shop.
 23640 | Orc:2    | Found a dark tunnel.
 23665 | Volcano  | Entered a volcano
 23835 | Volcano  | Identified the +0 helmet "Yrautu" {rC+++ rN+ Will- Int+8}
 24407 | Orc:2    | Received a gift from Trog
 24843 | Orc:2    | Found Nibuamnu's Distillery.
 24861 | Orc:2    | Bought a potion of mutation for 112 gold pieces
 24861 | Orc:2    | Bought a potion of might for 56 gold pieces
 24861 | Orc:2    | Bought a potion of mutation for 112 gold pieces
 24861 | Orc:2    | Bought a potion of heal wounds for 70 gold pieces
 24885 | Orc:2    | Found Kolainn's Magic Scroll Boutique.
 24891 | Orc:2    | Found Manumall's Book Boutique.
 24917 | Orc:2    | Found Oqeifyeb's General Store.
 24942 | Orc:2    | Reached skill level 20 in Staves
 25005 | Orc:2    | Bought 2 poisoned darts for 8 gold pieces
 25402 | Swamp:1  | Entered Level 1 of the Swamp
 25435 | Swamp:1  | HP: 1/160 [eleionoma (12)]
 25436 | Swamp:1  | Demolished by a tyrant leech

Illustrated notes

Levels and vault maps discovered:
D:1:      minmay_arrival_arboretum_small, layout_loops_corners,
          shapermc_ecumenical_altar_mp_urbaneastern, minmay_misc_feat_chi
D:2:      layout_loops_corners, chequers_serial_rivers_micro_a, uniq_sigmund,
          uniq_jessica
D:3:      layout_rooms, amcnicky_mini_pool_small, uniq_robin
D:4:      layout_gridville, lemuel_tele_altar, serial_bayou,
          serial_bayou_ford_a, serial_bayou_lagoon_a, serial_bayou_pond_e
D:5:      layout_rooms, mainiacjoe_overflow_surrounded_room, chequers_jeans,
          uniq_eustachio
D:6:      layout_cave_pools, portal_sewer_entry_f
D:7:      layout_basic, okawaru_altar_gauntlet_db,
          minmay_temple_entry_mini_moons, minmay_checkerbox,
          uniq_crazy_yiuf_cottage
D:8:      layout_gridville, enter_ossuary_4, nicolae_shop_overcharged_wands
D:9:      minmay_the_grid_triangle_9x9_rhombus_thin_mashed
          [minmay_the_grid_triangle_9x9_longest,
          minmay_the_grid_triangle_9x9_prize_special,
          minmay_the_grid_triangle_9x9_stretched_checkered,
          minmay_the_grid_triangle_9x9_zippers_horizontal], layout_loops_ring,
          grunt_temple_overflow_open, elyvilon_altar_4,
          minmay_orc_entry_temple_small, enter_bailey_2,
          ebering_ghost_rock_garden, hex_medium, kennysheep_opposing_triangles,
          uniq_erica
D:10:     layout_gridville, erik_lair_dragon
D:11:     layout_basic, serial_ice, serial_ice_h, serial_ice_b, serial_ice_o,
          serial_ice_k, serial_ice_a, kennysheep_generic_room_3
D:12:     layout_loops_ring
D:13:     layout_long_grid, lightli_vaults_fourway_checkpoint
D:14:     layout_basic, nicolae_qazlal_general_emergency
D:15:     grunt_enter_depths_hoard, layout_layer_cave,
          nicolae_kikubaaqudgha_miasma_corner, nicolae_tso_swordbearing_angel,
          uniq_roxanne
Lair:1:   layout_loops_ring, portal_ice_cave_entry_ice_simulacra,
          grunt_megastairs_1
Lair:2:   layout_gridlike, nicolae_spider_entry_orb_guardian, st_stairs_9
Lair:3:   layout_concentric_octagons, minmay_swamp_entry_eels,
          gammafunk_ghost_abyssal_escape, st_stairs_7, minmay_lair_oklob_items,
          chequers_serial_rivers_large_b, serial_bayou_pond_c,
          chequers_serial_rivers_small_a, hibernation_bobbens,
          infiniplex_staircase_pool_2, uniq_fannar, uniq_snorg
Lair:4:   nzn_winding_woodlands_stair_cross
          [nzn_winding_woodlands_5x15_lazy_stream,
          nzn_winding_woodlands_center_diamonds,
          nzn_winding_woodlands_5x15_zeroes, nzn_winding_woodlands_hourglass,
          nzn_winding_woodlands_5x5_cross,
          nzn_winding_woodlands_5x15_pathside_ponds,
          nzn_winding_woodlands_center_pierced_h,
          nzn_winding_woodlands_5x15_river_crossing], layout_gridlike,
          uniq_sonja, uniq_urug
Lair:5:   due_jungle_book, layout_gridlike, slime_entry_1, serial_bayou_shore_a
Swamp:1:  nicolae_swamp_flooded_prison, layout_basic_swamp,
          evilmike_swamp_ruin_house_2, swamp_pool1,
          nicolae_swamp_necromancer_hut
Orc:1:    layout_caves, serial_shops, nicolae_shop_behind_doors, uniq_josephine
Orc:2:    hellmonk_orc_salted, layout_diamond_mine, serial_shops,
          nicolae_shop_waterfront, nicolae_volcano_entry_s_turn

Skill      XL: |  1  2  3  4  5  6  7  8  9 10 11 12 13 14 15 16 |
---------------+-------------------------------------------------+-----
Staves         | 1 3 4 5 6 8 11 12 14 15 17 18 19 20 | 20.0
Fighting       | 4 5 6 7 8 9 11 12 13 14 | 14.3
Armour         | 3 4 5 6 8 9 10 11 12 | 12.8
Dodging        | 2 3 4 5 7 8 |  8.4
Stealth        | 1 2 3 4 5 6 7 |  7.7
Throwing       | 3 4 6 7 |  7.3
Shields        | 1 2 |  2.6
Maces & Flails | |  3.4

Action                   |  1- 3 |  4- 6 |  7- 9 | 10-12 | 13-15 | 16-18 || total
-------------------------+-------+-------+-------+-------+-------+-------++-------
Melee: Quarterstaff      |    42 |    94 |   238 |   642 |  1077 |    68 ||  2161
       Mace              |     1 |       |       |       |       |       ||     1
       Lajatang          |       |       |       |       |       |   439 ||   439
Throw: Dart              |       |       |       |     1 |    26 |    50 ||    77
       Boomerang         |       |       |       |       |    20 |       ||    20
Invok: Berserk           |     1 |       |     4 |     4 |     3 |     5 ||    17
  Use: Scroll            |       |     1 |     6 |     9 |    15 |     5 ||    36
       Potion            |       |       |     2 |       |       |       ||     2
 Stab: Sleeping          |       |     1 |     1 |     9 |     9 |     3 ||    23
       Distracted        |       |       |     1 |       |     2 |       ||     3
       Confused          |       |       |       |     1 |       |       ||     1
       Petrifying        |       |       |       |     1 |       |       ||     1
Armor: Animal skin       |    16 |    35 |    38 |       |       |       ||    89
       Troll leather arm |       |       |    42 |    68 |   248 |   113 ||   471
       Ice dragon scales |       |       |       |    34 |     4 |       ||    38
       Chain mail        |       |       |       |    32 |       |       ||    32
       Ring mail         |       |       |       |       |    46 |    18 ||    64
Dodge: Dodged            |    30 |    55 |   106 |   384 |   806 |   298 ||  1679
Block: Other             |       |       |       |       |    33 |    94 ||   127
       Reflection        |       |       |       |       |       |     2 ||     2
